 Dungeon Crawl Stone Soup version 0.14-a0-2080-ge317583 (webtiles) character file.

244 Faustar the Ruinous (level 4, -1/24 HPs)
             Began as a Deep Elf Conjurer on Jan 24, 2014.
             Slain by an orc
             ... wielding a +0,+1 orcish whip
              (5 damage)
             ... on Level 3 of the Dungeon.
             The game lasted 00:08:24 (1688 turns).

Faustar the Ruinous (Deep Elf Conjurer)             Turns: 1688, Time: 00:08:25

HP  -1/24        AC  3     Str  6      XL: 4   Next: 90%
MP   0/17        EV 13     Int 20      God:
Gold 114         SH  0     Dex 15      Spells:  1 memorised, 12 levels left

rFire  . . .     SeeInvis .     (no weapon)
rCold  . . .     Clarity  .     g - +1 robe {rN+}
rNeg   + . .     Conserve .     (no shield)
rPois  .         rCorr    .     (no helmet)
rElec  .         rRot     .     (no cloak)
SustAb . .       Spirit   .     (no gloves)
rMut   .         Warding  .     (no boots)
Saprov . . .     Stasis   .     o - amulet of faith {unknown}
MR     .....                    (no ring)
                                (no ring)

@: not resistant to hostile enchantments, fairly stealthy
A: no striking features
a: no special abilities


You were on level 3 of the Dungeon.
You were not hungry.

You visited 1 branch of the dungeon, and saw 3 of its levels.

You collected 114 gold pieces.

Inventory:

Armour
 g - a +1 robe of positive energy (worn)
Comestibles
 b - 3 bread rations
Scrolls
 a - a scroll of enchant weapon II {unknown}
 d - a scroll of curse jewellery {unknown}
 e - a scroll of identify {unknown}
 f - a scroll of teleportation
Jewellery
 o - an amulet of faith (around neck) {unknown}
Potions
 h - 2 potions of paralysis {unknown}
 j - a potion of heal wounds {unknown}
 k - a potion of curing {unknown}
 l - a potion of might {unknown}
 n - a potion of beneficial mutation {unknown}
Books
 c - a book of Conjurations

   Spells                             Type                      Level
   *Magic Dart                        Conjuration                  1
   Searing Ray                        Conjuration                  2
   Dazzling Spray                     Conjuration/Hexes            3
   Iskenderun's Mystic Blast          Conjuration                  4
   Iskenderun's Battlesphere          Conjuration/Charms           4
   Fulminant Prism                    Conjuration/Hexes            5


   Skills:
 - Level 2.4 Dodging
 - Level 2.4 Stealth
 + Level 5.0 Spellcasting
 + Level 5.9 Conjurations


You had 12 spell levels left.
You knew the following spells:

 Your Spells              Type           Power        Failure   Level  Hunger
a - Magic Dart            Conj           ####         1%          1    None


Dungeon Overview and Level Annotations

Branches:
Dungeon (3/16)

Altars:


Message History

The orc drops an uncursed orcish hand axe.
The orc picks up an orcish hand axe.
The orc wields an orcish hand axe.
Things that are here:
an orcish club; an orcish flail
Casting: Magic Dart
Confirm with . or Enter, or press ? or * to list all spells.
Aiming: Magic Dart
Press: ? - help, Shift-Dir - straight line, f - orc
Aim: an orc, wielding an orcish whip and wearing an orcish ring mail The magic dart hits the orc.
The orc is heavily wounded.
Casting: Magic Dart
Confirm with . or Enter, or press ? or * to list all spells.
Aiming: Magic Dart
Press: ? - help, Shift-Dir - straight line, f/p - orc
Aim: an orc, wielding an orcish whip and wearing an orcish ring mail (heavily wounded)
The magic dart hits the orc.
The orc is almost dead.
The orc hits you with an orcish whip.
You die...

#.# ... #.# . #.# ... #####
#.# ?. #...# #.# ###?##...#
#.#
#...)...(####.#########.#####
#.....)..((...@o.o.).))....<.
#........#....#########.#####
#........#....#
#........#....#
#.............#
#####....#....# #.####....#
#. ###### .


You could see 2 orcs.

Vanquished Creatures
  An orc wizard (D:3)
  An orc priest (D:3)
  2 adders (D:2)
  An ooze (D:1)
  8 orcs
  2 giant cockroaches (D:1)
  5 hobgoblins
  5 jackals
  A ball python (D:1)
  5 bats
  3 giant newts
  5 goblins
  2 kobolds
  11 rats
52 creatures vanquished.

Notes
Turn   | Place    | Note
--------------------------------------------------------------
     0 | D:1      | Faustar, the Deep Elf Conjurer, began the quest for the Orb.
     0 | D:1      | Reached XP level 1. HP: 10/10 MP: 5/5
   126 | D:1      | Reached XP level 2. HP: 6/15 MP: 4/8
   513 | D:1      | Reached skill level 5 in Conjurations
   906 | D:2      | Reached XP level 3. HP: 19/19 MP: 5/11
  1583 | D:3      | Reached XP level 4. HP: 24/24 MP: 5/15
  1678 | D:3      | Reached skill level 5 in Spellcasting
  1688 | D:3      | Slain by an orc

Action                   |  1- 3 |  4- 6 || total
-------------------------+-------+-------++-------
Melee: Unarmed           |    12 |       ||    12
 Cast: Magic Dart        |    87 |    21 ||   108
  Use: Scroll            |     3 |       ||     3
 Stab: Sleeping          |     1 |       ||     1
